Map: Nightscape LE

Players

СердитыйЛось

  • Race: Protoss Protoss
  • League: Platinum
  • Spawn Location: 7:00

ion

  • Race: Terran Terran
  • Spawn Location: 7:00

saeloun - Winner!

  • Race: Terran Terran
  • Spawn Location: 1:00

newNewb - Winner!

  • Race: Terran Terran
  • Spawn Location: 1:00

VOD

Have the link to the VOD?

Description

Time

  • Played on: July 18, 2023, 6:40 a.m.
  • Length: 46:54
Show
View Real Time Build Order
Export as new Build Order

СердитыйЛось Protoss 

Build Orders:  

Get SALT Encoding   

  12  0:01  Probe  
  13  0:13  Probe  
  14  0:22  Pylon  
  14  0:25  Probe  
  15  0:40  Probe  
  15  0:42  Gateway  
  16  0:50  Assimilator  
  16  0:52  Probe  
  17  1:04  Probe (Chrono Boost)  
  18  1:16  Assimilator, Probe (Chrono Boost)  
  19  1:23  Probe (Chrono Boost)  
  20  1:30  Probe  
  20  1:32  Cybernetics Core  
  21  1:42  Probe  
  22  1:54  Probe  
  22  1:57  Pylon  
  23  2:16  Stargate  
  23  2:26  Stargate  
  23  2:38  Nexus  
  23  2:46  Pylon  
  23  2:48  Forge  
  27  3:09  Void Ray (Chrono Boost)  
  31  3:21  Void Ray (Chrono Boost)  
  31  3:25  Assimilator  
  31  3:31  Probe  
  32  3:43  Probe (Chrono Boost)  
  33  3:54  Probe (Chrono Boost)  
  34  3:58  Probe (Chrono Boost)  
  39  4:09  Probe  
  40  4:12  Void Ray (Chrono Boost)  
  40  4:13  Void Ray (Chrono Boost)  
  45  4:24  Probe  
  45  4:36  Probe  
  46  4:48  Probe  
  51  5:37  Protoss Air Weapons Level 1 (Chrono Boost)  
  51  5:40  Void Ray  
  51  5:41  Pylon  
  51  5:43  Pylon, Probe  
  51  5:46  Pylon  
  52  5:55  Probe  
  53  6:02  Photon Cannon  
  57  6:05  Void Ray (Chrono Boost)  
  57  6:06  Shield Battery  
  57  6:07  Probe  
  57  6:09  Photon Cannon  
  58  6:13  Photon Cannon  
  62  6:28  Void Ray (Chrono Boost)  
  62  6:36  Probe  
  63  6:45  Assimilator  
  63  6:48  Probe  
  64  6:57  Void Ray (Chrono Boost)  
  64  7:00  Probe  
  73  7:02  Void Ray (Chrono Boost)  
  73  7:12  Probe  
  74  7:25  Probe  
  75  7:37  Pylon  
  75  7:39  Protoss Air Armor Level 1  
  75  7:40  Pylon  
  75  7:43  Pylon  
  75  7:47  Pylon  
  75  7:50  Pylon  
  75  8:30  Void Ray x2  
  75  8:47  Fleet Beacon  
  83  9:13  Void Ray x2 (Chrono Boost)  
  71  9:53  Void Ray x2 (Chrono Boost)  
  71  10:14  Protoss Air Weapons Level 2 (Chrono Boost)  
  71  10:23  Tempest (Chrono Boost)  
  71  10:24  Tempest (Chrono Boost)  
  81  11:01  Tempest x2 (Chrono Boost)  
  91  11:04  Photon Cannon  
  91  11:05  Photon Cannon  
  91  11:08  Shield Battery  
  91  11:28  Nexus  
  91  11:36  Tempest x2 (Chrono Boost)  
  101  11:47  Assimilator  
  101  11:50  Assimilator  
  101  11:52  Pylon  
  101  11:54  Pylon  
  101  11:56  Pylon  
  101  11:58  Pylon  
  101  12:02  Pylon  
  101  12:05  Pylon  
  101  12:11  Tempest x2  
  54  13:13  Tempest x2 (Chrono Boost)  
  59  13:28  Stargate  
  59  13:36  Probe  
  60  13:48  Probe  
  60  13:55  Void Ray x2  
  69  14:00  Probe  
  70  14:12  Probe, Flux Vanes  
  75  14:19  Void Ray  
  75  14:25  Probe  
  75  14:29  Void Ray  
  84  14:38  Void Ray  
  84  14:40  Probe  
  85  14:52  Probe  
  71  14:55  Protoss Air Armor Level 2 (Chrono Boost)  
  70  15:02  Void Ray  
  70  15:04  Probe  
  71  15:16  Probe  
  72  15:22  Photon Cannon  
  72  15:24  Photon Cannon  
  72  15:26  Photon Cannon  
  72  15:27  Photon Cannon  
  73  15:28  Probe  
  73  15:30  Photon Cannon  
  73  15:32  Photon Cannon  
  73  15:36  Photon Cannon  
  73  15:38  Tempest (Chrono Boost), Shield Battery  
  73  15:42  Shield Battery  
  86  15:52  Void Ray x2 (Chrono Boost)  
  91  16:12  Tempest (Chrono Boost)  
  91  16:14  Tempest (Chrono Boost)  
  101  16:21  Tempest (Chrono Boost)  
  97  16:42  Tempest (Chrono Boost)  
  97  16:46  Tempest (Chrono Boost), Nexus  
  111  17:00  Void Ray  
  82  17:26  Void Ray  
  86  17:33  Void Ray  
  86  17:43  Void Ray, Assimilator  
  90  17:46  Pylon  
  90  17:49  Pylon, Assimilator  
  90  17:59  Protoss Air Weapons Level 3  
  90  18:09  Tempest  
  99  18:16  Void Ray  
  99  18:20  Tempest  
  112  18:58  Void Ray  
  112  18:59  Void Ray  
  64  19:42  Tempest x3 (Chrono Boost)  
  56  21:18  Void Ray x3 (Chrono Boost)  
  80  21:54  Void Ray x2 (Chrono Boost)  
  80  21:58  Void Ray (Chrono Boost)  
  51  22:29  Tempest x2 (Chrono Boost)  
  61  22:34  Tempest (Chrono Boost)  
  41  24:24  Void Ray x3  
  39  24:59  Tempest (Chrono Boost)  
  39  25:00  Tempest x2 (Chrono Boost)  
  54  25:33  Tempest x2  
  54  25:34  Tempest  
  69  26:16  Tempest x2  
  79  26:21  Tempest  
  88  27:18  Void Ray  
  55  30:43  Void Ray  
  24  35:39  Nexus  
  24  35:43  Assimilator  
  24  35:47  Assimilator  
  18  37:26  Probe (Chrono Boost)  
  19  37:36  Probe (Chrono Boost)  
  20  37:41  Probe (Chrono Boost)  
  21  37:52  Probe  
  22  38:04  Probe  
  13  38:51  Probe  
  14  39:03  Probe  
  14  39:07  Pylon  
  14  39:08  Pylon  
  15  39:10  Pylon  
  15  39:16  Probe  
  16  39:37  Void Ray (Chrono Boost)  
  16  39:38  Void Ray (Chrono Boost)  
  24  40:11  Void Ray (Chrono Boost)  
  32  40:21  Void Ray (Chrono Boost)  
  36  40:46  Void Ray  
  36  40:56  Void Ray  
  40  41:08  Pylon  
  31  43:03  Nexus  
  31  43:16  Nexus  
  18  44:29  Probe  
  19  44:38  Probe  
  20  44:41  Probe  
  21  44:50  Probe  
  22  44:53  Probe  
  23  45:02  Probe  
  15  45:14  Probe  
  16  45:26  Probe  
  17  45:38  Probe  
Show
View Real Time Build Order
Export as new Build Order

ion Terran 

Build Orders: Reaper Expand 

Get SALT Encoding   

  12  0:00  SCV  
  13  0:12  SCV  
  14  0:18  Supply Depot  
  14  0:24  SCV  
  15  0:39  SCV  
  16  0:44  Barracks  
  16  0:47  Refinery  
  16  0:52  SCV  
  17  1:04  SCV  
  18  1:27  SCV  
  19  1:33  Reaper  
  19  1:39  Orbital Command  
  20  1:43  Command Center  
  20  1:51  Supply Depot  
  20  2:05  Marine, SCV  
  22  2:14  Factory  
  22  2:18  SCV  
  22  2:22  Refinery  
  23  2:28  Barracks Reactor  
  23  2:30  SCV  
  24  2:42  SCV  
  24  2:54  SCV  
  24  2:57  Widow Mine  
  27  3:00  Barracks  
  27  3:02  Orbital Command  
  27  3:06  Marine x2, SCV  
  30  3:14  Starport  
  30  3:18  SCV  
  31  3:33  Marine x2, SCV x2  
  35  3:36  Factory Tech Lab  
  35  3:43  Supply Depot  
  35  3:45  SCV x2  
  37  3:50  Engineering Bay  
  37  3:51  Marine x2  
  37  3:54  Barracks Tech Lab  
  39  3:56  Widow Mine  
  39  3:57  SCV x2  
  43  4:04  Starport Reactor  
  43  4:09  SCV x2, Marine x2, Supply Depot  
  47  4:15  Stimpack  
  47  4:16  Marine  
  48  4:21  SCV x2  
  50  4:24  Refinery  
  50  4:27  Widow Mine, Marine  
  50  4:28  Marine  
  54  4:33  SCV x2  
  54  4:37  Armory  
  54  4:38  Terran Infantry Weapons Level 1  
  56  4:46  Factory  
  56  4:47  SCV x2  
  58  5:13  Marine x3  
  58  5:14  Siege Tank  
  58  5:30  SCV x2  
  58  5:31  Marine x2  
  62  5:37  Marine  
  62  5:39  Supply Depot  
  62  5:40  Supply Depot  
  62  5:42  SCV x2  
  64  5:46  Siege Tank  
  64  5:48  Medivac, Missile Turret  
  70  6:00  Marine x2  
  70  6:01  SCV  
  70  6:02  Marine, SCV  
  75  6:09  Combat Shield  
  75  6:10  Supply Depot  
  75  6:11  Supply Depot  
  75  6:13  SCV  
  76  6:18  Marine x2  
  76  6:20  Factory Tech Lab  
  76  6:21  Engineering Bay  
  76  6:23  Widow Mine  
  80  6:32  Terran Infantry Armor Level 1  
  80  6:33  Missile Turret x2  
  80  6:34  Viking, Missile Turret  
  80  6:35  Marine  
  80  6:36  Marine x2  
  85  6:48  Missile Turret  
  85  6:49  Missile Turret, Widow Mine x2  
  89  6:55  Drilling Claws  
  89  7:04  SCV x2  
  89  7:05  Marine x3  
  94  7:16  SCV x2  
  94  7:19  Thor, Supply Depot  
  94  7:21  Supply Depot  
  102  7:23  Marine  
  102  7:28  SCV  
  104  7:39  Viking  
  106  7:48  Missile Turret  
  106  7:49  Command Center  
  106  8:00  SCV x2  
  106  8:01  Marine x3  
  106  8:05  Thor  
  117  8:06  Thor  
  117  8:12  SCV x2  
  125  8:18  Factory  
  125  8:19  Marine  
  126  8:28  Supply Depot  
  126  8:29  Supply Depot  
  126  8:31  Supply Depot  
  126  8:36  Armory  
  126  8:49  Command Center, Marine x3, SCV x2  
  126  8:54  Terran Vehicle And Ship Armor Level 1  
  131  8:57  Terran Infantry Weapons Level 2  
  131  9:01  Refinery, SCV x2  
  133  9:08  Missile Turret  
  133  9:09  Orbital Command  
  133  9:14  SCV  
  134  9:18  Refinery  
  134  9:20  Refinery  
  134  9:23  Supply Depot  
  134  9:25  Supply Depot  
  134  9:26  Supply Depot  
  134  9:29  Thor  
  140  9:45  SCV  
  140  9:46  SCV x2  
  140  9:51  Supply Depot  
  143  9:54  Supply Depot  
  143  9:55  Terran Infantry Armor Level 2  
  143  9:58  SCV x2  
  145  10:07  Marine x3  
  128  10:25  Marine x3  
  109  10:37  Thor x2  
  120  10:43  Marine x3  
  123  11:00  Marine  
  123  11:01  Marine x2  
  126  11:06  Factory  
  126  11:07  Barracks  
  126  11:08  Barracks  
  126  11:14  Hi-Sec Auto Tracking  
  126  11:17  Command Center  
  126  11:18  Marine  
  126  11:19  Marine x2, Thor  
  126  11:20  Missile Turret  
  135  11:34  Thor  
  135  11:35  Viking  
  135  11:36  Viking, Marine x3  
  148  11:42  Missile Turret  
  148  11:50  Factory Tech Lab  
  148  11:54  Marine x3  
  148  11:57  Missile Turret  
  148  12:00  Missile Turret  
  148  12:01  Barracks Reactor x2, Missile Turret  
  151  12:02  Missile Turret, Thor  
  157  12:11  Thor  
  157  12:12  Marine x3  
  166  12:17  Thor  
  172  12:30  Marine x3  
  173  12:45  Thor  
  173  12:47  Marine  
  173  12:48  Marine x2  
  166  13:00  Thor x2  
  166  13:01  Marine x4  
  166  13:05  Marine x3, Orbital Command  
  185  13:16  Medivac x2  
  185  13:19  Marine x4  
  193  13:23  Marine x3  
  196  13:27  Refinery x2  
  196  13:37  Marine x4  
  196  13:41  Marine x3  
  189  13:47  Thor x3  
  176  13:55  Marine x4  
  149  13:59  Marine x3  
  149  14:00  Planetary Fortress  
  146  14:08  Refinery  
  146  14:09  Refinery  
  146  14:12  Marine  
  146  14:13  Marine x3  
  146  14:16  Marine  
  146  14:17  Marine x2  
  153  14:30  Marine x4  
  157  14:34  Marine x2, Thor x3  
  157  14:35  Marine  
  178  14:40  Viking x2  
  178  14:43  Terran Vehicle Weapons Level 1  
  182  14:48  Marine x4  
  182  14:52  Marine x3  
  189  15:10  Marine  
  189  15:12  Marine  
  189  15:13  Marine x5  
  196  15:18  SCV x4  
  200  15:34  Terran Vehicle And Ship Armor Level 2, Terran Infantry Weapons Level 3, Terran Infantry Armor Level 3  
  200  16:02  Factory x3  
  200  16:03  Factory, Command Center  
  200  16:07  Missile Turret  
  200  16:08  Missile Turret  
  200  16:09  Missile Turret x2  
  200  16:18  Missile Turret  
  200  16:19  Missile Turret x2  
  200  16:21  Missile Turret  
  200  16:29  Missile Turret x2  
  200  16:40  Missile Turret  
  200  16:42  Missile Turret x2  
  200  16:43  Missile Turret  
  200  16:45  Missile Turret  
  200  16:50  Terran Vehicle Weapons Level 2  
  200  16:51  Missile Turret  
  200  16:52  Missile Turret  
  200  17:12  Missile Turret  
  200  17:13  Missile Turret  
  200  17:15  Thor x3  
  170  17:16  Marine  
  170  17:17  Marine x6  
  156  17:24  Missile Turret  
  131  17:32  Factory Tech Lab x3  
  131  17:34  Marine x5  
  131  17:36  Missile Turret x2  
  114  17:41  Orbital Command  
  114  17:43  SCV x2  
  112  17:47  Missile Turret  
  112  17:50  Terran Ship Weapons Level 1  
  112  17:52  Thor x2  
  112  17:54  Thor  
  112  17:57  Command Center, Factory Tech Lab  
  112  17:58  Missile Turret, Thor x3  
  142  18:02  Marine x7  
  142  18:04  Medivac  
  157  18:11  Neosteel Armor  
  157  18:19  Thor  
  163  18:20  Marine x2  
  165  18:35  Thor x2  
  165  18:37  Thor  
  165  18:38  Refinery  
  165  18:39  Refinery  
  165  18:40  Thor  
  165  18:41  Thor  
  192  18:54  Thor  
  188  19:13  Thor  
  188  19:14  Factory  
  188  19:15  Factory  
  188  19:16  Factory  
  183  19:17  Thor  
  183  19:19  Factory  
  148  19:31  Thor  
  153  19:40  Thor  
  153  19:42  Marine x7  
  142  19:59  Marine  
  142  20:00  Marine x6  
  142  20:04  Thor  
  152  20:07  Factory Tech Lab  
  124  20:17  Factory Tech Lab x3, Marine  
  124  20:18  Marine  
  80  20:37  Marine x7  
  87  20:55  Marine x7  
  94  20:57  Planetary Fortress  
  94  21:01  Thor x2  
  106  21:10  Thor  
  106  21:11  Thor  
  118  21:12  Factory Tech Lab  
  118  21:18  Thor  
  124  21:37  Thor  
  130  21:49  Terran Vehicle And Ship Armor Level 3  
  130  22:03  Thor  
  126  22:27  Refinery  
  126  22:28  Refinery  
  121  22:41  Missile Turret  
  121  22:42  Missile Turret  
  121  22:43  Missile Turret  
  121  22:44  Thor x4  
  127  22:45  Missile Turret  
  140  23:05  Thor  
  140  23:06  Thor  
  140  23:17  Thor  
  110  23:21  Marine x5  
  110  23:22  Marine x2  
  105  23:33  Thor  
  111  23:39  Marine x5  
  116  23:50  Command Center, Thor  
  116  23:52  Thor  
  128  24:06  Thor  
  134  24:35  Thor  
  134  24:36  Thor  
  146  24:46  Refinery  
  146  24:58  Thor  
  145  25:10  Marine x7  
  144  25:25  Thor  
  144  25:27  Marine  
  144  25:28  Marine x6  
  133  25:45  Marine  
  133  25:46  Marine x2  
  120  25:50  Thor  
  82  26:06  Terran Vehicle Weapons Level 3  
  82  26:20  Command Center  
  82  26:23  Refinery  
  82  26:27  Refinery  
  82  26:30  Thor x2  
  93  27:01  Thor  
  93  27:06  SCV x3  
  93  27:07  SCV x2  
  104  27:15  Thor  
  110  27:18  SCV x2  
  110  27:19  SCV x3  
  115  27:30  SCV x2  
  115  27:33  Orbital Command  
  118  27:37  SCV x3  
  118  27:42  SCV  
  118  27:43  SCV  
  122  27:49  SCV  
  123  27:55  Thor  
  123  27:56  Thor  
  135  28:12  Marine x5  
  126  28:15  Command Center  
  126  28:19  Missile Turret  
  126  28:21  Missile Turret  
  126  28:22  Missile Turret  
  126  28:33  Thor x2  
  138  28:57  Thor  
  138  28:59  Marine x7  
  138  29:00  Refinery  
  138  29:02  Medivac x2  
  155  29:03  Refinery  
  154  29:17  Marine x2  
  154  29:20  Thor  
  162  29:36  Thor  
  167  29:45  Marine x5  
  167  29:46  Marine x2  
  167  29:47  Medivac  
  176  29:57  Terran Ship Weapons Level 2  
  176  30:03  Marine x7  
  178  30:12  Thor  
  184  30:21  Marine x2  
  168  31:01  Marine x7  
  168  31:02  Thor x3  
  166  31:18  Marine  
  166  31:19  Marine x3  
  166  31:24  Refinery  
  170  31:29  Planetary Fortress, Refinery  
  170  31:40  Marine x5  
  170  31:41  Marine x2  
  177  31:52  Viking x2  
  181  31:58  Marine x7  
  185  32:16  Marine x5  
  185  32:22  Thor  
  196  32:24  Marine x2  
  198  32:34  Marine x5  
  197  32:40  Command Center  
  197  32:42  Marine x2  
  174  32:51  Marine  
  174  32:52  Marine x4  
  174  32:54  Thor  
  185  33:00  Marine x2  
  187  33:09  Marine x4  
  187  33:10  Marine  
  187  33:11  Thor  
  198  33:17  Marine  
  198  33:18  Marine  
  198  33:27  Marine x3  
  198  33:30  SCV  
  200  33:35  Marine  
  200  33:41  Thor  
  169  34:05  Missile Turret x2  
  169  34:09  Missile Turret  
  169  34:12  Missile Turret  
  165  34:22  Marine x3  
  164  34:24  Refinery  
  164  34:28  Refinery  
  164  34:30  Thor  
  161  34:40  Marine x3  
  160  34:58  Marine x3  
  158  35:10  Thor  
  164  35:16  Marine x3  
  167  35:34  Marine x3  
  165  35:42  SCV x2  
  167  35:51  Marine  
  167  35:52  Marine x2  
  167  35:54  SCV x2  
  163  36:06  SCV  
  163  36:07  SCV  
  163  36:08  Command Center  
  163  36:09  Marine  
  163  36:10  Missile Turret  
  163  36:11  Missile Turret  
  163  36:12  Marine x2  
  163  36:13  Missile Turret x2  
  163  36:16  Missile Turret  
  163  36:18  SCV  
  163  36:19  SCV  
  161  36:27  Marine  
  161  36:30  Marine x2  
  122  37:16  Barracks  
  122  37:17  Barracks  
  122  37:18  Barracks  
  122  37:19  Supply Depot x2  
  122  37:27  Orbital Command  
  122  37:43  Supply Depot  
  122  38:12  Barracks Reactor x3  
  122  38:30  Factory  
  122  38:32  Barracks  
  119  39:16  Supply Depot  
Show
View Real Time Build Order
Export as new Build Order

saeloun Terran - Winner!

Build Orders: 1/1/1 

Get SALT Encoding   

  12  0:01  SCV  
  13  0:13  SCV  
  14  0:17  Supply Depot  
  14  0:25  SCV  
  15  0:29  Refinery  
  15  0:45  Refinery  
  15  0:46  Barracks  
  15  0:52  SCV  
  16  1:04  SCV  
  17  1:17  SCV  
  18  1:29  SCV  
  19  1:38  Marine  
  19  1:39  Factory  
  20  1:41  SCV  
  21  1:53  SCV, Supply Depot  
  23  2:13  SCV  
  23  2:15  Marine  
  24  2:24  Factory Tech Lab, Starport  
  24  2:49  Command Center  
  24  2:53  Siege Tank  
  27  3:06  Fusion Core  
  27  3:08  Marine  
  28  3:15  Medivac  
  30  3:31  Marine  
  31  3:39  Engineering Bay  
  31  4:05  Battlecruiser  
  37  4:26  Command Center  
  37  4:31  SCV  
  27  5:34  Refinery  
  27  5:35  Refinery  
  27  5:38  SCV x2  
  27  5:41  SCV  
  30  5:46  Viking  
  32  5:50  SCV  
  32  5:56  Armory, SCV x2  
  35  5:58  Factory Tech Lab  
  35  6:02  SCV  
  35  6:03  Factory  
  36  6:08  SCV  
  36  6:09  SCV  
  38  6:20  SCV  
  40  6:25  SCV x2  
  40  6:32  SCV  
  42  6:35  Siege Tank  
  42  6:39  SCV  
  47  6:40  SCV  
  47  6:44  SCV  
  48  6:52  SCV  
  48  6:53  Armory, Terran Vehicle And Ship Armor Level 1  
  49  6:56  SCV  
  49  6:59  SCV  
  51  7:04  Factory Tech Lab  
  51  7:08  Factory Reactor  
  51  7:11  SCV  
  51  7:12  SCV  
  51  7:13  Starport  
  51  7:15  SCV  
  54  7:25  Viking  
  54  7:28  SCV x3  
  59  7:33  Missile Turret  
  59  7:44  SCV x2  
  61  7:47  Supply Depot  
  61  7:48  Supply Depot  
  61  7:51  Terran Ship Weapons Level 1  
  61  7:57  SCV  
  61  8:01  Factory Reactor  
  50  8:10  Viking  
  50  8:11  Viking x2  
  53  8:14  SCV x3  
  55  8:26  SCV x2  
  57  8:33  Starport  
  57  8:48  SCV  
  57  8:49  SCV  
  57  8:50  Terran Vehicle And Ship Armor Level 2  
  57  8:55  Viking x2  
  63  9:08  Viking  
  65  9:13  SCV x2  
  67  9:18  Factory Reactor  
  67  9:25  Viking  
  67  9:38  Viking  
  66  9:45  SCV x3  
  66  9:46  Starport  
  66  9:50  Terran Ship Weapons Level 2  
  68  9:57  SCV  
  68  9:58  Viking x3, SCV  
  76  10:00  Refinery  
  76  10:01  Refinery  
  76  10:03  Missile Turret, Supply Depot  
  76  10:04  Missile Turret, Supply Depot  
  76  10:05  Missile Turret  
  76  10:07  Supply Depot  
  76  10:09  SCV  
  76  10:14  Sensor Tower  
  77  10:20  SCV  
  76  10:25  Raven  
  76  10:45  Viking x3  
  76  10:46  Siege Tank  
  76  10:47  Widow Mine x2  
  76  10:48  SCV x2  
  92  10:57  Planetary Fortress  
  92  11:00  SCV x2  
  93  11:11  Widow Mine x2  
  97  11:18  Siege Tank  
  100  11:44  Factory Reactor, Supply Depot  
  100  11:46  Starport, Supply Depot  
  100  11:47  Terran Vehicle And Ship Armor Level 3, Supply Depot  
  100  11:48  Supply Depot  
  100  12:00  Supply Depot  
  100  12:01  Supply Depot  
  100  12:03  Orbital Command  
  100  12:06  Viking x4, Orbital Command  
  108  12:12  Terran Vehicle Weapons Level 1  
  108  12:25  Viking  
  110  12:36  Viking x2  
  114  13:07  Viking x4  
  118  13:24  Viking  
  120  13:37  Viking  
  112  14:04  Viking x4  
  112  14:06  Terran Ship Weapons Level 3  
  112  14:07  Viking  
  122  14:23  Terran Vehicle Weapons Level 2  
  122  14:30  Command Center  
  122  14:34  Viking x4  
  122  14:37  Viking  
  132  14:41  Supply Depot  
  132  14:42  Supply Depot  
  132  14:43  Supply Depot  
  132  14:46  Supply Depot  
  118  15:04  Viking x3  
  118  15:06  Viking  
  108  15:07  Viking  
  108  15:14  Siege Tank  
  111  15:24  Factory, Factory Tech Lab  
  111  15:25  Factory  
  111  15:29  SCV x3  
  111  15:34  Viking x3  
  120  15:36  Viking  
  120  15:37  Viking  
  120  15:41  SCV x3  
  127  15:46  Siege Tank  
  130  15:53  SCV  
  130  15:56  Siege Tank  
  134  16:04  Viking  
  136  16:09  Planetary Fortress  
  137  16:11  Viking x4  
  136  16:16  Factory Tech Lab  
  136  16:18  Siege Tank  
  147  16:20  Refinery  
  147  16:21  Refinery  
  147  16:28  Siege Tank  
  147  16:32  Factory Tech Lab  
  150  16:34  Viking  
  151  16:41  Viking  
  151  16:45  Missile Turret  
  151  16:47  Missile Turret  
  151  16:50  Siege Tank, Missile Turret  
  151  16:51  Missile Turret  
  154  17:03  Siege Tank x3  
  150  17:44  Viking x4  
  155  17:45  Siege Tank  
  166  18:35  Refinery  
  166  18:36  Refinery  
  166  18:37  Command Center  
  158  19:02  Viking x5  
  141  19:32  Viking x2  
  141  19:34  Viking x3  
  140  19:52  Siege Tank x4  
  150  20:02  Viking x2  
  150  20:04  Viking  
  130  20:24  Siege Tank x2  
  121  20:36  Viking x5  
  121  20:40  Siege Tank  
  118  21:08  Viking x2  
  118  21:09  Viking x3  
  122  21:19  Command Center  
  122  21:29  Refinery  
  122  21:38  Viking x2  
  122  21:39  Viking x2  
  130  21:43  Missile Turret  
  130  21:45  Missile Turret  
  130  21:47  Neosteel Armor  
  128  22:03  Missile Turret  
  128  22:04  Missile Turret  
  128  22:05  Missile Turret  
  128  22:15  Viking x5  
  135  22:28  Refinery  
  135  22:43  Siege Tank x2  
  141  22:45  Viking x5  
  143  23:15  Viking x2  
  133  23:30  Terran Vehicle Weapons Level 3  
  133  23:38  Command Center  
  133  23:40  Viking x2  
  133  23:41  Viking  
  139  23:42  Siege Tank, Refinery  
  139  23:45  Viking x2  
  115  24:17  Viking  
  115  24:18  Viking x3  
  121  24:35  Viking  
  123  24:47  Viking  
  123  24:48  Viking x3  
  131  25:21  Viking x4  
  119  25:49  Viking  
  101  25:51  Viking x4  
  87  26:02  Siege Tank  
  81  26:15  Refinery, SCV x3  
  84  26:27  SCV x2  
  84  26:30  Viking x2  
  84  26:31  Viking x3  
  90  26:55  Siege Tank x2, Widow Mine  
  98  27:27  Viking x4  
  98  27:28  Viking  
  102  27:57  Viking x4  
  106  28:02  Viking  
  82  28:31  Barracks x3  
  82  28:33  Viking, Barracks  
  82  28:34  Viking x4  
  88  28:35  Barracks  
  90  28:47  SCV  
  91  28:59  Barracks Tech Lab  
  91  29:03  Viking  
  91  29:04  Viking x2  
  91  29:07  Terran Infantry Weapons Level 1  
  97  29:29  Barracks Reactor x4  
  97  29:32  Combat Shield  
  97  29:44  Engineering Bay  
  97  29:47  Viking x2  
  97  29:51  Barracks Reactor  
  101  29:53  Marauder  
  103  30:09  Marine  
  103  30:10  Marine x7  
  106  30:14  Marine  
  100  30:27  Marine x3  
  100  30:28  Marine x7  
  110  30:32  Marine  
  111  30:41  Viking  
  119  30:44  Marine  
  119  30:45  Marine x6  
  119  30:46  Marine x3  
  119  30:47  Viking x3  
  131  30:50  Marine  
  131  30:51  Stimpack  
  132  31:02  Marine x2  
  132  31:03  Marine x8  
  142  31:07  Marine  
  141  31:20  Marine x2  
  141  31:21  Marine x3  
  126  31:54  Marine  
  126  31:55  Marine x10  
  137  32:06  Viking x2  
  137  32:07  Viking x3  
  147  32:12  Marine x3  
  147  32:13  Marine x8  
  156  32:30  Marine x4  
  156  32:31  Marine x5  
  156  32:32  Marauder  
  156  32:36  Viking  
  107  32:38  Marine  
  86  32:48  Marine x4, Terran Infantry Weapons Level 2  
  86  32:49  Marine x5, Terran Infantry Armor Level 1  
  81  32:53  Marauder  
  81  32:56  Marine  
  82  33:05  Marine  
  82  33:06  Marine x3  
  82  33:07  Marine x5  
  91  33:14  Marine x2  
  91  33:23  Marine  
  91  33:24  Marine x8  
  98  33:32  Marine x2  
  84  33:41  Marine x2  
  84  33:42  Marine x5  
  84  33:45  Marine x2  
  84  33:47  Siege Tank x2, Widow Mine  
  99  33:49  Marine  
  99  33:50  Marine  
  88  33:59  Marine x2  
  89  34:02  Marine  
  89  34:03  Marine x6  
  89  34:07  Marine  
  89  34:08  Marauder  
  95  34:17  Marine x2  
  95  34:20  Marine x2  
  95  34:21  Marine x5  
  104  34:25  Marine  
  104  34:29  Marauder  
  103  34:49  Marine  
  45  36:26  Orbital Command  
  5  38:48  SCV  
Show
View Real Time Build Order
Export as new Build Order

newNewb Terran - Winner!

Build Orders:  

Get SALT Encoding   

  12  0:01  SCV  
  13  0:14  SCV  
  14  0:26  SCV  
  15  0:28  Supply Depot  
  15  0:40  Refinery  
  15  0:51  Barracks  
  15  0:56  SCV  
  16  1:05  Refinery  
  16  1:08  SCV  
  17  1:20  SCV  
  18  1:33  SCV  
  19  1:40  Factory  
  19  1:42  Marine  
  19  1:45  SCV  
  21  1:50  Supply Depot  
  21  1:57  Orbital Command  
  21  2:23  Factory Tech Lab  
  21  2:26  Armory, SCV  
  22  2:39  SCV  
  22  2:40  Marine  
  22  2:42  Siege Tank  
  27  2:53  SCV, Supply Depot  
  28  3:05  SCV  
  29  3:14  Cyclone  
  32  3:20  Command Center  
  32  3:25  SCV  
  33  3:31  Factory  
  33  3:37  Terran Vehicle Weapons Level 1  
  33  3:46  Cyclone  
  33  3:47  SCV  
  37  3:52  Supply Depot  
  37  4:05  SCV  
  38  4:14  Factory Tech Lab  
  38  4:15  Supply Depot  
  38  4:18  Thor  
  44  4:38  Supply Depot  
  44  4:47  Cyclone  
  47  4:56  SCV  
  47  4:58  Engineering Bay  
  42  5:08  SCV  
  43  5:20  SCV  
  44  5:24  SCV  
  45  5:29  Siege Tank  
  45  5:32  Terran Vehicle And Ship Armor Level 1, SCV  
  49  5:36  Missile Turret, SCV  
  49  5:41  Hi-Sec Auto Tracking  
  50  5:44  Missile Turret  
  50  5:45  SCV  
  50  5:48  SCV  
  53  5:57  SCV  
  53  6:00  SCV  
  54  6:05  Refinery, Missile Turret  
  54  6:07  Refinery  
  54  6:11  Thor  
  54  6:12  SCV  
  61  6:25  SCV  
  62  6:35  SCV  
  62  6:37  SCV  
  64  6:47  SCV  
  64  6:48  Thor  
  64  6:49  SCV  
  64  6:53  Missile Turret  
  72  6:56  Command Center  
  72  7:01  SCV  
  73  7:07  Supply Depot  
  73  7:16  Missile Turret  
  73  7:17  Orbital Command  
  73  7:25  Terran Vehicle Weapons Level 2  
  73  7:29  Thor  
  79  7:30  Refinery, Supply Depot  
  79  7:31  Refinery  
  79  7:36  Missile Turret  
  79  7:44  Smart Servos  
  79  7:47  SCV  
  80  8:00  SCV  
  78  8:10  Thor  
  78  8:11  Thor  
  78  8:12  SCV  
  88  8:24  SCV  
  89  8:32  Factory  
  89  8:36  SCV  
  90  8:41  Missile Turret  
  90  8:48  SCV  
  91  8:49  Missile Turret  
  91  8:53  Thor  
  97  9:02  Missile Turret  
  97  9:09  Missile Turret  
  96  9:17  Supply Depot  
  96  9:22  Missile Turret  
  96  9:24  Command Center  
  96  9:43  Factory Tech Lab  
  96  9:44  Missile Turret  
  96  9:45  Terran Vehicle Weapons Level 3  
  96  9:48  Factory  
  96  9:52  Siege Tank x2  
  102  10:04  Missile Turret  
  88  10:24  Missile Turret  
  68  10:33  Supply Depot  
  52  10:52  Factory Tech Lab  
  52  10:53  Thor x3  
  70  11:02  Command Center  
  70  11:12  Thor  
  70  11:16  SCV  
  77  11:24  Missile Turret  
  77  11:28  SCV  
  77  11:29  Infernal Pre-Igniter  
  77  11:32  Mag-Field Accelerator  
  78  11:36  Siege Tank  
  78  11:37  Hellion x2  
  85  11:40  SCV  
  85  11:45  Missile Turret  
  86  11:55  Hellion  
  88  12:06  Missile Turret  
  88  12:15  Thor  
  94  12:16  Command Center, Hellion x2  
  94  12:17  Hellion  
  94  12:21  Terran Vehicle And Ship Armor Level 2  
  100  12:37  Hellion x2  
  100  12:38  Hellion  
  106  12:45  Planetary Fortress  
  106  12:48  Missile Turret  
  106  12:50  Missile Turret  
  98  12:56  Missile Turret  
  98  12:58  Siege Tank x2  
  86  13:02  Thor x2  
  95  13:08  Missile Turret  
  95  13:12  Supply Depot  
  95  13:15  Supply Depot  
  95  13:17  Sensor Tower  
  95  13:28  SCV  
  95  13:30  Refinery  
  96  13:40  SCV  
  91  13:52  SCV  
  91  13:55  Missile Turret  
  83  14:04  SCV  
  84  14:16  Refinery, SCV  
  85  14:28  SCV  
  86  14:40  SCV  
  87  14:51  Thor x4  
  111  15:07  Engineering Bay  
  111  15:13  Barracks  
  111  15:34  Siege Tank x3, Thor  
  126  15:42  SCV  
  127  15:50  Supply Depot  
  127  15:54  SCV  
  128  16:04  Missile Turret  
  128  16:05  Missile Turret  
  128  16:06  SCV, Thor  
  128  16:07  Hellion x2  
  139  16:14  Orbital Command  
  139  16:19  SCV  
  139  16:20  Thor  
  146  16:25  Missile Turret  
  146  16:31  SCV  
  147  16:45  Missile Turret  
  104  17:34  SCV  
  105  17:46  SCV  
  105  17:50  Missile Turret  
  106  17:52  Siege Tank, Thor x2  
  106  17:53  Siege Tank  
  106  17:58  SCV  
  125  18:10  SCV  
  125  18:11  Missile Turret  
  126  18:24  Siege Tank  
  129  18:30  Missile Turret  
  129  18:50  Missile Turret  
  129  19:09  Thor x4  
  153  19:10  Missile Turret  
  146  19:52  Thor  
  83  20:56  Thor  
  83  20:57  Thor  
  89  20:58  Thor x2  
  107  21:06  SCV  
  107  21:07  Refinery x2  
  108  21:12  Missile Turret  
  108  21:18  SCV  
  109  21:30  SCV  
  109  21:32  Missile Turret  
  110  21:39  Siege Tank  
  113  21:40  Siege Tank  
  113  21:41  Siege Tank, Command Center x2, Thor  
  113  21:42  SCV  
  126  21:50  Missile Turret  
  126  21:55  SCV  
  127  22:12  Hellion x2  
  127  22:13  Hellion  
  113  22:24  Hellion  
  115  22:33  Siege Tank, Hellion  
  115  22:35  Siege Tank  
  123  22:46  Hellion  
  122  22:55  Hellion  
  126  23:06  Hellion, Thor  
  126  23:07  Hellion  
  134  23:15  Thor  
  114  23:27  Hellion  
  114  23:28  Hellion  
  110  23:45  Orbital Command x2  
  112  23:48  Hellion  
  112  23:50  Hellion x2  
  112  23:52  Refinery x2  
  116  23:59  Hellion  
  118  24:11  Command Center  
  100  25:22  Planetary Fortress  
  100  25:24  Missile Turret  
  61  25:59  Thor x4  
  85  26:19  SCV x2  
  87  26:31  SCV x2  
  89  26:42  Siege Tank, Hellion, Thor  
  89  26:43  Hellion, SCV x2  
  89  26:44  Terran Vehicle And Ship Armor Level 3  
  104  26:55  SCV  
  104  26:56  SCV  
  106  27:04  Siege Tank, Hellion  
  106  27:07  SCV  
  112  27:15  Missile Turret, Hellion  
  114  27:25  Hellion x2  
  114  27:29  Missile Turret  
  118  27:32  Missile Turret  
  118  27:35  Missile Turret  
  118  27:36  Hellion x2  
  122  27:46  Siege Tank  
  122  27:47  Hellion  
  122  27:48  Missile Turret  
  127  27:52  Missile Turret  
  127  27:54  Missile Turret  
  127  27:57  Hellion  
  127  27:58  Hellion  
  131  28:08  Thor  
  131  28:10  Missile Turret  
  97  28:13  Missile Turret  
  97  28:14  Missile Turret  
  97  28:18  Siege Tank  
  97  28:19  Siege Tank, Hellion  
  99  28:31  Missile Turret  
  99  28:34  Missile Turret  
  99  28:35  Missile Turret  
  99  28:40  Siege Tank  
  102  28:44  Starport x2  
  102  28:45  Starport  
  102  28:49  Starport  
  102  28:50  Siege Tank, Missile Turret, Thor  
  102  28:51  Hellion  
  102  28:52  Starport  
  113  28:56  Missile Turret x2  
  109  29:12  Hellion x2, Missile Turret  
  113  29:17  Missile Turret  
  113  29:18  Missile Turret  
  113  29:22  Terran Ship Weapons Level 1  
  113  29:23  Hellion  
  113  29:32  Missile Turret  
  113  29:33  Hellion  
  113  29:34  Hellion x2  
  109  29:38  Missile Turret  
  109  29:39  Missile Turret  
  109  29:44  Hellion  
  109  29:45  Starport Tech Lab x3  
  111  29:46  Starport Tech Lab  
  111  29:47  Fusion Core  
  111  29:52  Starport Tech Lab  
  111  29:55  Missile Turret, Hellion x3  
  111  29:59  Missile Turret  
  117  30:00  Missile Turret  
  117  30:06  Hellion  
  118  30:15  Missile Turret  
  118  30:16  Hellion  
  118  30:17  Hellion x2  
  124  30:25  Missile Turret  
  124  30:27  Hellion  
  126  30:34  Battlecruiser  
  126  30:35  Battlecruiser x4  
  156  30:38  Hellion  
  156  30:40  Missile Turret  
  158  30:43  Weapon Refit  
  158  30:46  Missile Turret  
  152  31:01  Missile Turret  
  135  31:06  Missile Turret  
  115  31:20  Terran Ship Weapons Level 2  
  115  31:32  Supply Depot  
  115  31:34  Supply Depot  
  115  31:39  Battlecruiser  
  121  31:59  Battlecruiser  
  123  33:54  Thor x4  
  127  34:37  Siege Tank, Thor  
  136  34:47  Siege Tank x2  
  126  35:12  Hellion  
  128  35:19  Hellion x2  
  128  35:20  Hellion  
  123  35:33  Hellion  
  125  35:40  Hellion  
  125  35:41  Hellion x2  
  126  35:48  Command Center  
  125  35:54  Hellion  
  127  36:03  Command Center  
  108  42:28  Orbital Command  
  30  45:52  Thor x5  
Tags
 
Add a new tag
Caveats
  • Supply blocks, unpowered buildings, or Contaminate may cause inaccurate times.
  • Supply counts are checked every 10 seconds.